 Dungeon Crawl Stone Soup version 0.20.1-1-g8b1a95d (webtiles) character file.

50187 letownia2 the Severer (level 14, -15/136 HPs)
             Began as a Deep Dwarf Necromancer on Oct 29, 2017.
             Was an Initiate of Gozag.
             Demolished by an acid blob (34 damage)
             ... on level 6 of the Lair of Beasts.
             The game lasted 01:07:39 (17689 turns).

letownia2 the Severer (Deep Dwarf Necromancer)     Turns: 17689, Time: 01:07:40

Health: -15/136    AC:  9    Str: 15    XL:     14   Next: 18%
Magic:  6/22       EV: 13    Int: 18    God:    Gozag
Gold:   2139       SH:  0    Dex: 23    Spells: 19/23 levels left

rFire    + + .     SeeInvis .   H - +0 war axe (vamp)
rCold    x . .     Gourm    +   (no shield)
rNeg     + + .     Faith    .   S - +2 fire dragon scales
rPois    +         Spirit   .   b - +1 hat {MR+}
rElec    .         Reflect  .   (no cloak)
rCorr    .         Harm     .   w - +0 pair of gloves
MR       +++..                  O - +0 pair of boots of the Commoners {rN+ Slay+6}
Stlth    ++........             D - amulet of Checkmate {Gourm rPois Str-4 Dex+7 Stlth+}
Regen    0.0/turn               B - ring of Joosch {Str+4 Dex+3}
MPRegen  0.2/turn               k - +5 ring of protection

@: corroded, gold aura, non-regenerating
A: damage resistance, heal wounds, negative energy resistance 1, sense
surroundings 2, no regeneration
a: Heal Wounds, Potion Petition, Call Merchant, Bribe Branch, Renounce Religion


You were on level 6 of the Lair of Beasts.
You worshipped Gozag.
Gozag was most pleased with you.
You were not hungry.

You visited 4 branches of the dungeon, and saw 23 of its levels.
You also visited: Sewer, Bailey and Ice Cave.

You collected 6021 gold pieces.
You spent 105 gold pieces at shops.
You paid 3777 gold pieces to Gozag.

Inventory:

Hand Weapons
 a - a +4 falchion of holy wrath
 l - the +8 battleaxe "Ridy" {chop, +Inv}
   (You found it in an ice cave)

   It inflicts extra damage upon your enemies.
   It lets you turn invisible.
 H - a +0 vampiric war axe (weapon)
 Q - a +3 blowgun
Missiles
 j - 3 javelins (quivered)
 P - 7 poisoned needles
Armour
 b - a +1 hat of magic resistance (worn)
 w - a +0 pair of gloves (worn)
 O - the +0 pair of boots of the Commoners (worn) {rN+ Slay+6}
   (You found it on level 7 of the Dungeon)

   It affects your accuracy and damage with ranged weapons and melee attacks
   (+6).
   It protects you from negative energy.
 S - +2 fire dragon scales (worn)
Magical Staves
 x - an uncursed staff of air
 M - an uncursed staff of fire
Jewellery
 d - an uncursed ring of positive energy
 k - a +5 ring of protection (right hand)
 o - an uncursed ring of protection from magic
 p - an uncursed amulet of rage
 s - an uncursed ring of see invisible
 u - an uncursed ring of ice
 B - the ring of Joosch (left hand) {Str+4 Dex+3}
   (You found it on level 7 of the Dungeon)

   [ring of dexterity]

   It affects your strength (+4).
   It affects your dexterity (+3).
 D - the amulet of Checkmate (around neck) {Gourm rPois Str-4 Dex+7 Stlth+}
   (You bought it in a shop on level 2 of the Lair of Beasts)

   [amulet of the gourmand]

   It allows you to eat raw meat even when not hungry.
   It affects your strength (-4).
   It affects your dexterity (+7).
   It protects you from poison.
   It makes you more stealthy.
 G - an uncursed ring of flight
Wands
 y - a wand of acid (0/15)
 J - a wand of iceblast (3/15)
 L - a wand of digging (8/24)
 V - a wand of polymorph (11/24)
 W - a wand of clouds (3/9)
 Y - a wand of lightning (9/15)
Scrolls
 f - 5 scrolls of magic mapping
 m - 5 scrolls of remove curse
 n - 6 scrolls of recharging
 z - 7 scrolls of teleportation
 E - a scroll of fear
 F - 4 scrolls of immolation
 I - a scroll of noise {unknown}
 K - a scroll of enchant weapon
Potions
 e - 2 potions of agility
 g - a potion of berserk rage
 h - 11 potions of curing
 q - 4 potions of might
 r - 2 potions of resistance {unknown}
 t - 5 potions of flight {unknown}
 A - 3 potions of magic
 C - 8 potions of heal wounds
 N - 2 potions of mutation
 T - 3 potions of haste {unknown}
 U - 2 potions of cancellation {unknown}
 X - a potion of lignification {unknown}
Miscellaneous
 Z - a lightning rod (4/4)
Comestibles
 c - 10 bread rations
 i - 4 meat rations
 R - 2 fruits


   Skills:
 + Level 11.7 Fighting
 - Level 17.0 Axes
 + Level 8.3 Armour
 + Level 6.3 Dodging
 - Level 2.4 Stealth
 - Level 5.4 Spellcasting
 - Level 9.5 Necromancy
 - Level 3.5 Evocations


You had 19 spell levels left.
You knew the following spells:

 Your Spells              Type           Power        Failure   Level  Hunger
a - Pain                  Necr           ####         1%          1    None
v - Vampiric Draining     Necr           #####.....   3%          3    ##.....


Dungeon Overview and Level Annotations

Branches:
Dungeon (14/15)            Temple (1/1) D:6            Lair (6/6) D:9
  Swamp (0/4) Lair:2        Slime (0/5) Lair:6          Orc (2/2) D:11
  Snake: Lair:2-4    Spider: Lair:2-4       Elf: Orc:2       Vaults: D:13-14

Altars:
Ashenzari
Cheibriados
Dithmenos
Elyvilon
Fedhas
Gozag
Hepliaklqana
Kikubaaqudgha
Makhleb
Nemelex Xobeh
Okawaru
Qazlal
Ru
Sif Muna
Trog
Uskayaw
Vehumet
Xom
Yredelemnul
Zin
The Shining One
Beogh

Shops:
D:5 :   Orc:1 }   Lair:2 =*[(


Innate Abilities, Weirdness & Mutations

You are resistant to damage.
You can heal yourself by infusing magical energy.
You resist negative energy. (rN+)
You passively map the area around you.
You do not regenerate.


Message History

The acid blob hits you!!
* * * LOW HITPOINT WARNING * * *
The acid corrodes you!
You are splashed with acid!
The acid burns!
* * * LOW HITPOINT WARNING * * *
Unknown command.
Unknown command.
You feel much better. The acid blob spits acid at you.
The splash of acid hits you!
* * * LOW HITPOINT WARNING * * *
The acid corrodes you!
You are splashed with acid!
The acid burns!
* * * LOW HITPOINT WARNING * * *
Unknown command.
Unknown command.
As you read the scroll of fear, it crumbles to dust.
You assume a fearsome visage.
The acid blob resists with almost no effort.
The acid blob hits you!!
You die...
Your body crumbles into a pile of gold.

.....#......≈....#......#
......≈≈≈≈≈≈.≈..P.#.....##
PPP...≈≈≈≈≈≈≈..>PPP......#
PP...≈≈≈≈≈≈≈≈≈.(..P.....#*
....≈≈≈≈≈≈≈≈≈≈.........#
.#..≈≈≈≈≈≈≈≈≈.♣♣...<...#
#...≈≈≈≈≈.≈≈..♣♣(......#
##..≈≈≈..<.≈.♣♣♣J##....##
............#♣ ♣@##.....#
......#....♣♣ ♣.##....##
.....##..♣♣♣♣♣♣♣.#......##
.#...##...........#......##
#.....##.........#......#.#
##...###..............PP..##
.......P.....♣....♣♣.......#
..........♣..P.....♣♣♣...#.#
.........♣.P...........♣..##


You could see an acid blob.

Vanquished Creatures
  Gastronok (D:10)
  A frost giant (IceCv)
  A catoblepas (Lair:2)
  2 hydras (Lair:6)
  A centaur warrior (D:13)
  The ghost of HammerPanzer the Basher, a journeyman DsBe of Trog (D:13)
  10 two-headed ogres
  Erica (Lair:2)
  A tengu warrior (D:12)
  7 death yaks (Lair:6)
  An obsidian statue (D:10)
  Pikel (D:5)
  The ghost of ceb the Bolt Thrower, a novice CeHu of Okawaru (D:6)
  3 orc knights
  An ugly thing (D:13)
  An orc sorcerer (Orc:1)
  2 ice statues (IceCv)
  2 manticores
  Psyche (D:9)
  5 gargoyles
  A spiny frog (Lair:6)
  A rime drake (Lair:6)
  An efreet (D:14)
  3 komodo dragons
  2 kobold demonologists (D:13)
  A tengu conjurer (D:12)
  11 polar bears (IceCv)
  A hornet (D:12)
  A troll (Orc:1)
  10 dream sheep
  5 hippogriffs
  A meliai zombie (D:13)
  17 blink frogs
  A spriggan (Lair:6)
  18 yaks
  A wyvern (D:12)
  A wraith (D:11)
  Eustachio (D:5)
  A hungry ghost (D:7)
  A basilisk (Lair:6)
  A basilisk (shapeshifter) (IceCv)
  A warg (Orc:1)
  A soldier ant (D:13)
  A porcupine (Lair:3)
  5 water moccasins
  A swamp drake (D:10)
  22 orc warriors
  3 sky beasts
  4 slaves (D:5)
  An ice beast (D:11)
  4 phantoms
  A black bear (D:7)
  7 ogres
  The ghost of Dingo the Charlatan, an amateur DDAr (D:3)
  11 wolves (IceCv)
  12 centaurs
  4 crocodiles
  5 big kobolds
  14 bullfrogs
  A gnoll sergeant (D:3)
  A wyvern skeleton (D:10)
  3 scorpions
  A water moccasin skeleton (D:5)
  9 killer bees
  4 howler monkeys
  10 wights
  3 crimson imps
  A quasit (D:13)
  8 orc priests
  4 hounds
  6 jellies
  2 bullfrog zombies
  A bullfrog skeleton (D:5)
  3 centaur skeletons
  Ijyb (D:5)
  4 iguanas
  3 worker ants
  17 orc wizards
  A killer bee zombie (D:9)
  A hound zombie (D:6)
  A hound skeleton (D:7)
  A howler monkey zombie (D:8)
  A worker ant zombie (D:11)
  A howler monkey skeleton (D:5)
  4 gnolls
  10 adders
  A river rat (D:6)
  3 shadow imps
  4 oozes
  3 adder skeletons
  An adder zombie (D:6)
  4 worms
  A dart slug (D:4)
  7 leopard geckos
  60 orcs
  12 bats
  9 giant cockroaches
  9 goblins
  3 hobgoblins
  21 jackals
  4 quokkas
  4 ball pythons
  A frilled lizard (D:3)
  A giant cockroach zombie (D:6)
  A jackal zombie (D:7)
  35 kobolds
  2 leopard gecko zombies
  A quokka skeleton (D:4)
  15 rats
526 creatures vanquished.

Vanquished Creatures (others)
  2 fungi (Lair:6)
2 creatures vanquished.

Grand Total: 528 creatures vanquished

Notes
Turn   | Place    | Note
-------+----------+-------------------------------------------
     0 | D:1      | letownia2 the Deep Dwarf Necromancer began the quest for the Orb.
     0 | D:1      | Reached XP level 1. HP: 15/15 MP: 3/3
   130 | D:1      | Reached XP level 2. HP: 22/22 MP: 0/5
   466 | D:3      | Noticed Dingo's ghost (amateur DDAr)
   685 | D:4      | Reached skill level 5 in Necromancy
   685 | D:4      | Reached XP level 3. HP: 28/28 MP: 3/6
   690 | D:4      | Learned a level 3 spell: Vampiric Draining
  1405 | D:4      | Reached XP level 4. HP: 19/36 MP: 0/7
  1625 | D:5      | Entered Level 5 of the Dungeon
  1625 | D:5      | Noticed a centaur
  1664 | D:5      | Found Qaemydgh's Book Emporium.
  1692 | D:5      | Noticed a phantom
  1869 | D:5      | Noticed a slave
  1869 | D:5      | Noticed a slave
  1869 | D:5      | Noticed a slave
  1870 | D:5      | Noticed Pikel
  1870 | D:5      | Noticed a slave
  1904 | D:4      | Noticed an ogre
  1911 | D:4      | Killed an ogre
  1911 | D:4      | Reached XP level 5. HP: 27/42 MP: 1/8
  2140 | D:5      | Reached XP level 6. HP: 42/49 MP: 0/9
  2240 | D:5      | Noticed Eustachio
  2261 | D:5      | Killed Eustachio
  2406 | D:5      | Reached XP level 7. HP: 26/55 MP: 0/10
  2798 | D:5      | Noticed Ijyb
  2807 | D:5      | Killed Ijyb
  3266 | D:5      | Reached skill level 1 in Fighting
  3418 | D:6      | Noticed ceb's ghost (novice CeHu)
  3556 | D:6      | Found a staircase to the Ecumenical Temple.
  3565 | Temple   | Entered the Ecumenical Temple
  3637 | D:6      | Found a glowing drain.
  3685 | D:6      | Killed ceb's ghost
  3685 | D:6      | Reached XP level 8. HP: 15/72 MP: 11/14
  3783 | Temple   | Became a worshipper of Gozag Ym Sagoz the Greedy
  3851 | Sewer    | Entered a sewer
  3997 | Sewer    | Got an ancient scale mail
  4107 | Sewer    | Reached skill level 1 in Axes
  4171 | Sewer    | Identified the cursed +1 scale mail of Yredelemnul's Regard {*Corrode rPois rC+} (You found it in a sewer)
  4190 | Sewer    | Reached skill level 2 in Axes
  4352 | D:6      | Reached skill level 3 in Axes
  4360 | D:6      | Found a shadowy altar of Dithmenos.
  4695 | D:7      | Reached skill level 4 in Axes
  4707 | D:7      | Found a hazy altar of Hepliaklqana.
  4707 | D:7      | Found a sparkling altar of Nemelex Xobeh.
  4727 | D:7      | Got a pitted steel ring
  4891 | D:7      | Reached skill level 5 in Axes
  4891 | D:7      | Reached skill level 1 in Evocations
  4990 | D:7      | Gained mutation: You passively map the area around you. [Deep Dwarf growth]
  4990 | D:7      | Reached XP level 9. HP: 35/78 MP: 5/15
  5080 | D:7      | Got a pair of steaming boots
  5086 | D:7      | Identified the cursed +0 pair of boots of the Commoners {rN+ Slay+6} (You found it on level 7 of the Dungeon)
  5104 | D:7      | Identified the ring of Joosch {Str+4 Dex+3} (You found it on level 7 of the Dungeon)
  5787 | D:3      | Killed Dingo's ghost
  5787 | D:3      | Reached skill level 6 in Axes
  6000 | D:5      | Reached skill level 1 in Armour
  6679 | D:8      | Reached skill level 7 in Axes
  7197 | D:8      | Reached skill level 8 in Axes
  7477 | D:9      | Noticed Psyche
  7478 | D:9      | Noticed a two-headed ogre
  7491 | D:9      | Killed a two-headed ogre
  7491 | D:9      | Reached skill level 9 in Axes
  7491 | D:9      | Reached XP level 10. HP: 85/87 MP: 16/16
  7496 | D:9      | Killed Psyche
  7651 | D:9      | Found a staircase to the Lair.
  7740 | D:10     | Entered Level 10 of the Dungeon
  7745 | D:10     | Reached skill level 10 in Axes
  7833 | D:10     | Noticed a two-headed ogre
  7838 | D:10     | Killed a two-headed ogre
  7838 | D:10     | Reached skill level 11 in Axes
  7904 | D:10     | Noticed Gastronok
  8039 | D:10     | Noticed a two-headed ogre
  8045 | D:10     | Killed a two-headed ogre
  8045 | D:10     | Reached skill level 12 in Axes
  8281 | D:10     | Killed Gastronok
  8281 | D:10     | Reached skill level 13 in Axes
  8281 | D:10     | Reached XP level 11. HP: 93/93 MP: 17/17
  8313 | D:10     | Noticed an obsidian statue
  8687 | D:5      | Killed Pikel
  8814 | Lair:1   | Entered Level 1 of the Lair of Beasts
  8897 | Lair:1   | Reached skill level 14 in Axes
  9503 | Lair:2   | Noticed a catoblepas
  9544 | Lair:2   | Killed a catoblepas
  9544 | Lair:2   | Reached skill level 5 in Spellcasting
  9563 | Lair:2   | Found a frozen archway.
  9584 | IceCv    | Entered an ice cave
  9596 | IceCv    | Reached skill level 5 in Fighting
 10505 | IceCv    | Reached XP level 12. HP: 74/109 MP: 20/20
 10686 | IceCv    | Noticed a frost giant
 10701 | IceCv    | Killed a frost giant
 10764 | IceCv    | Got a crystal battleaxe
 10934 | IceCv    | Identified the +8 battleaxe "Ridy" {chop, +Inv} (You found it in an ice cave)
 11068 | Lair:2   | Noticed Erica
 11082 | Lair:2   | Killed Erica
 11181 | Lair:2   | Found a staircase to the Swamp.
 11795 | D:11     | Reached skill level 15 in Axes
 11834 | D:11     | Found a flagged portal.
 11910 | Bailey   | Entered a bailey
 11948 | Bailey   | Got a spiked large shield
 11955 | Bailey   | Got a translucent flail
 12171 | Bailey   | Identified the +8 large shield "Zuxuluf" {+Blink Str-5 Dex+2 Stlth+} (You found it in a bailey)
 12376 | D:11     | Found a staircase to the Orcish Mines.
 12381 | D:11     | Found a roughly hewn altar of Beogh.
 12613 | Orc:1    | Entered Level 1 of the Orcish Mines
 12613 | Orc:1    | Noticed a two-headed ogre
 12618 | Orc:1    | Killed a two-headed ogre
 12630 | Orc:1    | Reached skill level 16 in Axes
 12768 | Orc:1    | Found Cagogrura's Gadget Emporium.
 13278 | Orc:2    | Entered Level 2 of the Orcish Mines
 13380 | Orc:2    | Noticed a two-headed ogre
 13380 | Orc:2    | Noticed a two-headed ogre
 13381 | Orc:2    | Noticed an ogre mage
 13381 | Orc:2    | Noticed a two-headed ogre
 13407 | Orc:2    | Killed a two-headed ogre
 13407 | Orc:2    | Reached XP level 13. HP: 98/121 MP: 21/21
 13477 | Orc:2    | Reached skill level 17 in Axes
 13834 | D:12     | Reached skill level 10 in Fighting
 14408 | D:13     | Reached skill level 5 in Armour
 14530 | D:13     | Noticed HammerPanzer's ghost (journeyman DsBe)
 14541 | D:13     | Killed HammerPanzer's ghost
 16932 | Lair:2   | Bought a smoking ruby amulet for 105 gold pieces
 16933 | Lair:2   | Identified the amulet of Checkmate {Gourm rPois Str-4 Dex+7 Stlth+} (You bought it in a shop on level 2 of the Lair of Beasts)
 17119 | Lair:6   | Entered Level 6 of the Lair of Beasts
 17119 | Lair:6   | Found a staircase to the Slime Pits.
 17170 | Lair:6   | Reached skill level 5 in Dodging
 17254 | Lair:6   | Gained mutation: You resist negative energy. (rN+) [Deep Dwarf growth]
 17254 | Lair:6   | Reached XP level 14. HP: 91/135 MP: 22/22
 17673 | Lair:6   | Noticed an acid blob
 17689 | Lair:6   | Demolished by an acid blob

Skill      XL: |  1  2  3  4  5  6  7  8  9 10 11 12 13 14 |
---------------+-------------------------------------------+-----
Spellcasting   | 2 4 5 |  5.4
Necromancy     | 5 7 9 |  9.5
Fighting       | 3 4 7 9 11 | 11.7
Axes           | 5 9 13 14 16 17 | 17.0
Evocations     | 2 3 |  3.5
Armour         | 3 4 7 8 |  8.3
Dodging        | 4 5 6 |  6.3
Stealth        | |  2.4

Action                   |  1- 3 |  4- 6 |  7- 9 | 10-12 | 13-15 || total
-------------------------+-------+-------+-------+-------+-------++-------
Melee: Dagger            |     8 |    12 |       |       |       ||    20
       Falchion          |       |     2 |   139 |       |       ||   141
       War axe           |       |       |   161 |   739 |   631 ||  1531
Throw: Throwing net      |       |       |       |     2 |       ||     2
       Javelin           |       |       |       |       |     4 ||     4
 Cast: Pain              |    45 |    35 |    78 |     2 |       ||   160
       Vampiric Draining |     6 |    11 |    41 |     1 |    12 ||    71
Invok: Call Merchant     |       |       |       |     2 |     2 ||     4
 Abil: Evoke Berserk Rag |       |       |       |     6 |     1 ||     7
       Evoke Flight      |       |       |       |     1 |     1 ||     2
Evoke: Wand              |       |       |     7 |    43 |     2 ||    52
       Lightning rod     |       |       |       |     4 |       ||     4
  Use: Potion            |       |       |     2 |     2 |     1 ||     5
       Scroll            |       |       |     6 |    16 |     5 ||    27
 Stab: Sleeping          |     1 |       |     1 |       |       ||     2
       Distracted        |       |       |     1 |     8 |     6 ||    15
  Eat: Chunk             |     3 |     3 |    11 |       |       ||    17
       Fruit             |       |       |     3 |       |     6 ||     9
       Royal jelly       |       |       |     2 |     2 |       ||     4
       Meat ration       |       |       |     2 |     2 |     2 ||     6
       Bread ration      |       |       |     2 |     3 |       ||     5
Armor: Robe              |     2 |       |       |       |       ||     2
       Leather armour    |     5 |    20 |    41 |       |       ||    66
       Scale mail        |       |       |   142 |   257 |       ||   399
       Fire dragon scale |       |       |       |    56 |   339 ||   395
Dodge: Dodged            |    25 |    28 |   176 |   324 |   295 ||   848
       Rpst.: Falchion   |       |     2 |    32 |       |       ||    34
